 Dungeon Crawl Stone Soup version 0.27-a0-633-gc6addc0a40 (webtiles) character file.

Game seed: 8942440552697371174

16 shoop the Skirmisher (level 2, 27/27 HPs)
             Began as a Palentonga Fighter on Mar 13, 2021.
             Got out of the dungeon alive.
             The game lasted 00:01:04 (913 turns).

shoop the Skirmisher (Palentonga Fighter)            Turns: 913, Time: 00:01:05

Health: 27/27      AC:  6    Str: 19    XL:     2   Next: 37%
Magic:  2/2        EV:  5    Int:  8    God:
Gold:   72         SH:  8    Dex:  9    Spells: 1/1 levels left

rFire    . . .     SeeInvis +   a - +0 war axe
rCold    . . .     Faith    .   c - +0 kite shield
rNeg     . . .     Spirit   .   b - +0 scale mail
rPois    .         Reflect  .   (no helmet)
rElec    .         Harm     .   (no cloak)
rCorr    .         Rampage  .   (no gloves)
Will     .....                  (no barding)
Stlth    ..........             (no amulet)
HPRegen  0.09/turn              (no ring)
MPRegen  0.08/turn              (no ring)

@: no status effects
A: large, rugged brown scales 3, see invisible, deformed body, roll 1, armoured
tail
a: Rolling Charge


You escaped.
You visited 1 branch of the dungeon, and saw 1 of its levels.

You collected 72 gold pieces.

Inventory:

Hand Weapons
 a - a +0 war axe (weapon)
Armour
 b - a +0 scale mail (worn)
 c - a +0 kite shield (worn)
Scrolls
 e - 2 scrolls of fog {unknown}
 f - a scroll of noise {unknown}
 h - a scroll of identify {unknown}
 i - a scroll of random uselessness {unknown}
 j - a scroll of magic mapping {unknown}
Potions
 d - 2 potions of might
 g - a potion of ambrosia {unknown}
 k - a potion of mutation {unknown}
 l - a potion of curing {unknown}


   Skills:
 + Level 3.2 Fighting
 * Level 2.7 Axes
 - Level 2.4 Armour
 - Level 2.4 Shields


You had one spell level left.
You didn't know any spells.
Your spell library was empty.

Dungeon Overview and Level Annotations

Branches:
Dungeon (1/15)

Altars:


Innate Abilities, Weirdness & Mutations

You are completely covered in rugged brown scales. (AC +3, +7% HP)
You have supernaturally acute eyesight. (SInv)
Armour fits poorly on your strangely shaped body.
You can roll at nearby foes to attack.
You have a long armoured tail.


Message History

No target in view!
No target in view!
No target in view!
No target in view!
No target in view!
No target in view!
No target in view!
No target in view!
No target in view!
You now have 56 gold pieces (gained 9).
You see here a +0 dagger of electrocution.
j - a scroll labelled UKKADWIPIM
k - a viscous ruby potion You see here 24 stones.
There is a stone staircase leading down here.
You see here a +0 mace.
Things that are here:
a +0 dagger; a goblin skeleton
Found a runed dagger.
You see here a +1 dagger of electrocution.
Found a stone staircase leading down.
There is a stone staircase leading down here.
You now have 64 gold pieces (gained 8).
There is a stone staircase leading down here.
Found 14 bolts.
Found a hand axe.
You now have 72 gold pieces (gained 8).
A giant cockroach comes into view.
A giant cockroach is nearby!
You block the giant cockroach's attack.
You slash the giant cockroach!
You kill the giant cockroach!
No target in view!
No target in view!
l - a fizzy yellow potion Done exploring.
Done exploring.
There is a staircase leading out of the dungeon here.
Are you sure you want to leave the Dungeon?
This will make you lose the game!
You have escaped!

#.##.##.##.# #.# #.##.......# #.#
#.#####.#### #.# #.#####.# #.#
###########
#.##....############8........####
#.#.....#..............###.......
#.....#.#.#####...##8.>##..#.###.
###)....#.# #.....##....#....##.
#..####.# ##.@.###..##..#..##.
#.....#.# #.....##..###.#.....
#.....#.#####...##8..........(.
#####.#..............##########
#.############8.###### # #...#
#........##### # #####...#####
#..#####.....##
###...........#####..###.........
..).........#........##..'######.


There were no monsters in sight!

Vanquished Creatures
  A leopard gecko (D:1)
  2 bats (D:1)
  3 giant cockroaches (D:1)
  2 goblins (D:1)
  A hobgoblin (D:1)
  2 frilled lizards (D:1)
  A kobold (D:1)
  A rat (D:1)
13 creatures vanquished.

Notes
Turn   | Place    | Note
-------+----------+-------------------------------------------
     0 | D:1      | shoop the Palentonga Fighter began the quest for the Orb.
     0 | D:1      | Reached XP level 1. HP: 20/20 MP: 1/1
   185 | D:1      | Reached XP level 2. HP: 18/27 MP: 2/2
   913 | D:$      | Got out of the dungeon alive.

Illustrated notes

Levels and vault maps discovered:
D:1:      psy_arrival_basics, layout_loops_cross, minmay_3d_cube

Action                   || total
-------------------------++-------
Melee: War axe           ||    37
       Tailslap          ||     4
Armor: Scale mail        ||    35
Dodge: Dodged            ||     9
Block: Kite shield       ||    28

Table legend: (Time is in decaauts)
 A = Elapsed time spent in this place.
 B = Non-inter-level travel time spent in this place.
 C = Inter-level travel time spent in this place.
 D = Time resting spent in this place.
 E = Time spent auto-exploring this place.
 F = Levels seen in this place.
 G = Mean time per level.
                   A        B        C        D        E       F      G
               +--------+--------+--------+--------+--------+-----+--------+
         Total |    935 |    935 |      0 |      0 |    823 |   1 |  935.0 |
       Dungeon |    935 |    935 |      0 |      0 |    823 |   1 |  935.0 |
               +--------+--------+--------+--------+--------+-----+--------+

Top non-repeatable levels by time:
     D:1: 935 daAuts
